Map: Lightshade LE

Players

MaxPax

  • Race: Protoss Protoss
  • League: Grandmaster

AGOElazer (Elazer) - Winner!

  • Race: Zerg Zerg
  • League: Grandmaster

Event: DreamHack SC2 Masters 2021 Summer

VOD

Have the link to the VOD?

Description

Time

  • Played on: June 4, 2021, 10:01 a.m.
  • Length: 19:04

All games in this series

Show
View Real Time Build Order
Export as new Build Order

MaxPax Protoss 

Build Orders: 1 Gate Expand, Mass Adepts 

Get SALT Encoding   

  12  0:00  Probe  
  13  0:12  Probe  
  14  0:20  Pylon  
  14  0:24  Probe  
  15  0:38  Probe (Chrono Boost)  
  15  0:41  Gateway  
  16  0:47  Probe (Chrono Boost)  
  17  0:52  Probe (Chrono Boost)  
  18  1:14  Nexus  
  18  1:20  Assimilator  
  18  1:26  Zealot (Chrono Boost)  
  20  1:35  Cybernetics Core  
  20  1:39  Probe  
  21  1:45  Pylon  
  21  1:51  Probe  
  22  2:02  Assimilator  
  22  2:03  Probe  
  23  2:09  Adept (Chrono Boost)  
  23  2:11  Warp Gate (Chrono Boost)  
  23  2:15  Probe  
  26  2:27  Probe x2  
  26  2:29  Adept (Chrono Boost)  
  30  2:39  Probe x2  
  32  2:47  Gateway  
  32  2:51  Probe  
  32  2:53  Gateway  
  31  2:59  Probe  
  31  3:03  Adept  
  34  3:09  Probe  
  34  3:12  Probe  
  36  3:18  Shield Battery  
  36  3:21  Probe  
  36  3:24  Twilight Council  
  36  3:25  Probe  
  38  3:33  Probe, Robotics Facility  
  40  3:46  Probe  
  41  3:49  Pylon  
  41  3:52  Stalker, Adept  
  41  3:54  Adept  
  46  4:06  Gateway  
  46  4:07  Probe x2  
  46  4:08  Shield Battery  
  46  4:09  Resonating Glaives (Chrono Boost)  
  50  4:26  Adept x2  
  50  4:27  Warp Prism (Chrono Boost)  
  50  4:30  Gateway  
  54  4:31  Pylon  
  54  4:32  Pylon  
  54  4:38  Gateway  
  54  4:46  Pylon  
  54  4:49  Probe x2  
  54  4:51  Adept x2  
  60  4:59  Adept  
  62  5:01  Probe  
  62  5:03  Probe  
  60  5:13  Probe  
  60  5:14  Assimilator  
  59  5:15  Adept  
  59  5:16  Adept x2  
  59  5:17  Pylon  
  65  5:21  Adept  
  65  5:24  Stalker  
  65  5:27  Adept  
  69  5:31  Dark Shrine  
  69  5:32  Adept  
  69  5:35  Shield Battery  
  71  5:50  Adept x2  
  71  5:51  Adept x3  
  71  5:55  Probe, Assimilator  
  83  5:57  Probe  
  81  6:10  Adept x2  
  81  6:11  Adept x2  
  85  6:12  Probe  
  86  6:21  Pylon  
  86  6:30  Probe x2  
  84  6:33  Pylon  
  84  6:34  Pylon  
  78  6:52  Probe x2  
  80  6:54  Immortal (Chrono Boost)  
  80  6:56  Pylon  
  80  6:57  Nexus  
  84  7:06  Blink (Chrono Boost)  
  84  7:10  Dark Templar x4  
  84  7:14  Probe  
  85  7:16  Probe, Shield Battery  
  85  7:20  Dark Templar  
  88  7:26  Probe, Immortal (Chrono Boost)  
  93  7:33  Probe  
  93  7:34  Pylon  
  94  7:38  Probe  
  94  7:42  Robotics Bay  
  95  7:45  Probe  
  95  7:46  Forge  
  95  7:50  Probe  
  97  7:55  Adept  
  97  7:56  Adept x4  
  107  8:10  Probe x3  
  107  8:11  Assimilator  
  110  8:14  Observer  
  110  8:16  Gateway, Assimilator  
  111  8:22  Probe  
  110  8:33  Probe  
  111  8:41  Disruptor (Chrono Boost)  
  89  8:47  Probe  
  89  8:50  Stalker x4  
  89  8:51  Stalker x2  
  89  8:54  Photon Cannon  
  89  8:55  Protoss Ground Weapons Level 1  
  97  8:58  Gateway  
  97  9:00  Gateway  
  97  9:12  Gravitic Drive  
  97  9:15  Disruptor (Chrono Boost)  
  96  9:19  Photon Cannon  
  96  9:20  Sentry  
  96  9:21  Sentry x2  
  96  9:22  Stalker x3  
  96  9:23  Stalker  
  110  9:28  Pylon  
  110  9:34  Pylon  
  110  9:44  Nexus  
  110  9:47  Stalker x2, Sentry x2  
  118  9:55  Dark Templar  
  120  10:01  Dark Templar  
  112  10:19  Stalker x5  
  122  10:27  Dark Templar  
  122  10:37  Colossus (Chrono Boost)  
  122  10:39  Pylon  
  122  10:41  Nexus  
  128  11:02  Stalker x4  
  128  11:03  Stalker x2  
  138  11:07  Shield Battery  
  138  11:09  Photon Cannon  
  136  11:12  Protoss Ground Weapons Level 2 (Chrono Boost)  
  136  11:25  Probe x2  
  136  11:26  Probe  
  136  11:31  Colossus (Chrono Boost)  
  137  11:37  Probe x2  
  145  11:49  Probe x2  
  145  11:51  Pylon, Shield Battery  
  147  11:54  Photon Cannon, Assimilator, Extended Thermal Lance (Chrono Boost)  
  147  11:59  Assimilator  
  147  12:00  Dark Templar  
  149  12:05  Photon Cannon  
  149  12:11  Pylon  
  149  12:17  Disruptor (Chrono Boost)  
  149  12:43  Pylon  
  149  12:45  Stalker x6  
  149  12:47  Disruptor (Chrono Boost)  
  149  12:51  Photon Cannon  
  164  12:53  Dark Templar  
  166  13:01  Pylon  
  166  13:03  Photon Cannon  
  164  13:13  Robotics Facility, Stalker x2  
  164  13:16  Photon Cannon x2  
  164  13:17  Observer (Chrono Boost)  
  167  13:32  Disruptor  
  170  13:37  Stalker x2  
  170  13:38  Dark Templar  
  174  13:49  Stalker x3  
  174  13:53  Stalker x2  
  178  13:59  Stalker  
  166  14:02  Disruptor  
  169  14:16  Cybernetics Core  
  169  14:18  Photon Cannon  
  169  14:24  Zealot x4  
  162  14:27  Protoss Ground Weapons Level 3  
  162  14:28  Disruptor (Chrono Boost)  
  162  14:29  Probe x2  
  171  14:41  Disruptor (Chrono Boost)  
  171  14:45  Probe x2, Photon Cannon x2  
  176  14:53  Templar Archives  
  176  14:56  Disruptor (Chrono Boost)  
  178  15:09  Disruptor  
  178  15:13  Stalker x2  
  178  15:14  Stalker  
  178  15:29  Pylon  
  178  15:34  Pylon  
  178  15:36  Pylon  
  172  16:00  Stalker x4  
  178  16:30  High Templar x4  
  178  16:31  High Templar x4  
  194  16:34  Archon x2, Pylon  
  194  16:35  Archon x2  
  194  16:39  Pylon  
  194  16:42  Photon Cannon  
  194  16:45  Pylon, Shield Battery  
  194  16:49  Pylon  
  143  17:12  Stalker x7  
  89  18:01  Stalker x3  
  89  18:03  Stalker  
  97  18:11  Observer  
  74  18:34  High Templar x2  
  74  18:38  Archon  
Show
View Real Time Build Order
Export as new Build Order

AGOElazer Zerg - Winner!

Build Orders: Hatch First 

Get SALT Encoding   

  12  0:00  Drone  
  13  0:12  Overlord  
  13  0:16  Drone  
  14  0:30  Drone x2  
  16  0:42  Drone  
  17  0:50  Hatchery  
  17  0:55  Drone  
  17  0:58  Drone  
  18  1:09  Extractor  
  17  1:12  Spawning Pool  
  17  1:15  Drone  
  17  1:18  Drone  
  18  1:28  Drone  
  19  1:39  Drone  
  20  1:49  Overlord  
  20  1:59  Queen  
  22  2:02  Queen, Zergling x2  
  22  2:03  Zergling x2  
  26  2:11  Metabolic Boost  
  26  2:13  Zergling x2  
  26  2:14  Zergling x2  
  28  2:25  Zergling x4  
  30  2:34  Overlord  
  30  2:39  Queen  
  31  2:44  Overlord  
  31  2:47  Drone x2  
  33  2:57  Drone x2  
  35  3:04  Drone  
  35  3:07  Drone  
  35  3:09  Drone  
  35  3:12  Drone x5  
  40  3:27  Drone  
  40  3:28  Drone, Hatchery  
  40  3:31  Drone  
  42  3:36  Drone  
  42  3:40  Drone  
  44  3:41  Overlord  
  44  3:45  Drone x3  
  47  3:48  Queen  
  47  3:54  Overlord  
  49  3:57  Drone x2  
  49  4:00  Roach Warren  
  50  4:04  Zergling x4  
  50  4:06  Zergling x2  
  50  4:08  Zergling x2  
  55  4:10  Zergling x2  
  55  4:11  Zergling x2  
  55  4:15  Zergling x4  
  58  4:22  Overlord  
  57  4:25  Zergling x2  
  57  4:33  Zergling x2  
  57  4:38  Overlord  
  58  4:39  Zergling x2  
  58  4:41  Zergling x6  
  64  4:45  Roach  
  64  4:47  Queen  
  64  4:49  Roach  
  68  4:53  Roach  
  68  4:57  Roach x2  
  73  5:06  Roach x3  
  76  5:07  Zergling x2  
  76  5:08  Zergling x8  
  76  5:12  Spore Crawler  
  76  5:13  Spore Crawler  
  78  5:14  Zergling x4  
  78  5:19  Zergling x2  
  81  5:24  Overlord  
  81  5:28  Zergling x2  
  82  5:30  Overlord  
  82  5:32  Extractor  
  82  5:33  Extractor  
  79  5:37  Lair  
  79  5:38  Zergling x4  
  79  5:40  Overlord x2  
  81  5:44  Zergling x10  
  81  5:49  Overlord  
  86  5:53  Drone x2  
  87  6:08  Roach x4  
  87  6:11  Spore Crawler  
  92  6:13  Zergling x14  
  98  6:22  Overlord  
  98  6:26  Evolution Chamber, Overlord  
  98  6:31  Drone x5  
  98  6:37  Drone x2  
  96  6:40  Drone  
  96  6:46  Drone x2  
  99  6:57  Overlord  
  99  6:58  Drone x2  
  99  6:59  Drone x4  
  103  7:02  Extractor  
  103  7:05  Drone x3  
  105  7:09  Ravager x2  
  107  7:17  Overlord x3  
  107  7:18  Drone  
  107  7:19  Drone  
  107  7:20  Drone  
  110  7:22  Drone  
  110  7:23  Extractor  
  110  7:24  Drone  
  110  7:25  Drone  
  110  7:27  Overseer  
  110  7:28  Drone  
  110  7:29  Overseer  
  112  7:33  Drone x3  
  112  7:36  Drone x3  
  118  7:39  Drone  
  119  7:51  Hatchery  
  119  7:52  Roach x3  
  119  7:53  Glial Reconstitution  
  119  7:58  Drone, Evolution Chamber  
  125  7:59  Drone  
  125  8:00  Drone  
  125  8:04  Extractor  
  125  8:06  Drone x3  
  125  8:08  Roach x3  
  125  8:10  Ravager x3  
  137  8:13  Ravager  
  137  8:15  Roach x2  
  140  8:24  Overlord  
  137  8:30  Roach x7  
  137  8:32  Zergling x4  
  127  8:43  Roach x4  
  133  8:48  Queen  
  134  8:56  Ravager x2  
  134  8:58  Drone x3  
  134  8:59  Zerg Missile Weapons Level 1  
  134  9:02  Drone x2, Infestation Pit  
  140  9:03  Drone  
  140  9:05  Baneling Nest  
  140  9:07  Drone  
  141  9:13  Queen  
  141  9:15  Drone  
  141  9:16  Drone  
  144  9:19  Drone x2  
  146  9:26  Drone x4  
  146  9:30  Drone x5  
  155  9:31  Hatchery  
  154  9:43  Roach x5  
  164  9:48  Centrifical Hooks, Hive  
  164  9:51  Extractor  
  163  9:55  Roach x3  
  163  9:56  Roach  
  170  10:01  Zergling x2  
  170  10:02  Zergling x14  
  178  10:07  Zergling x2  
  178  10:08  Zergling x8  
  178  10:14  Zergling x4  
  177  10:17  Zergling x4  
  179  10:21  Drone  
  179  10:24  Evolution Chamber  
  179  10:25  Overseer  
  179  10:26  Overlord  
  179  10:29  Pneumatized Carapace  
  179  10:31  Overlord  
  179  10:33  Drone  
  179  10:34  Drone x4  
  181  10:39  Zergling x6  
  181  10:41  Overlord x2  
  184  10:43  Spire  
  183  10:56  Drone x6  
  183  11:01  Zergling x20  
  174  11:12  Zergling x16  
  174  11:14  Adrenal Glands  
  174  11:15  Zerg Missile Weapons Level 2  
  174  11:16  Zerg Melee Weapons Level 1, Viper  
  174  11:18  Viper  
  183  11:20  Viper  
  183  11:23  Baneling x9  
  183  11:24  Baneling x7  
  184  11:26  Zergling x6  
  187  11:35  Zergling x8  
  191  11:52  Zergling x14  
  191  11:53  Hatchery  
  195  11:56  Corruptor  
  197  12:01  Greater Spire  
  197  12:02  Overlord  
  197  12:04  Spore Crawler  
  197  12:05  Spine Crawler  
  197  12:06  Drone x4  
  197  12:08  Baneling x16  
  199  12:23  Zergling x2  
  192  12:37  Zergling x18  
  192  12:38  Baneling x11  
  200  12:49  Baneling  
  200  12:50  Baneling x12  
  200  12:54  Ultralisk Cavern  
  200  12:57  Extractor  
  198  13:00  Overseer  
  196  13:14  Zerg Melee Weapons Level 2  
  196  13:17  Zergling x6  
  199  13:20  Drone x2  
  197  13:28  Baneling x12  
  197  13:32  Zerg Ground Armor Level 1  
  195  13:36  Corruptor x2  
  178  14:12  Zergling x16  
  184  14:17  Corruptor x3  
  184  14:19  Brood Lord x3  
  184  14:21  Drone  
  193  14:25  Chitinous Plating  
  193  14:26  Zerg Flyer Armor Level 1  
  193  14:42  Drone x7  
  193  14:44  Baneling x11  
  200  14:51  Corruptor x2  
  198  15:13  Zergling x6  
  198  15:14  Zergling x18  
  192  15:27  Drone x4  
  196  15:28  Spine Crawler  
  196  15:29  Spine Crawler x3  
  196  15:30  Zergling x14  
  196  15:33  Extractor x2  
  197  15:36  Brood Lord  
  197  15:40  Extractor  
  197  15:42  Hatchery, Extractor  
  196  15:44  Anabolic Synthesis  
  178  15:59  Corruptor x4  
  178  16:01  Brood Lord x2  
  178  16:02  Zergling x4  
  178  16:03  Zergling x16  
  191  16:11  Drone x3  
  194  16:17  Zergling x12  
  200  16:19  Baneling x15  
  200  16:20  Baneling x4  
  195  16:27  Baneling x12  
  195  16:31  Brood Lord x2  
  199  16:37  Zerg Flyer Weapons Level 1  
  183  16:54  Zergling x10  
  183  16:55  Zergling x22  
  199  17:07  Roach x8  
  187  17:14  Roach x6  
  167  17:23  Corruptor  
  167  17:24  Corruptor x3  
  171  17:38  Zergling x24  
  178  17:50  Roach x4  
  168  18:06  Baneling x9  
  168  18:10  Zergling x2  
  168  18:11  Overlord x2  
  130  18:29  Roach x9  
  130  18:31  Brood Lord x2  
  130  18:33  Zergling x6  
  153  18:37  Zergling x12  
  153  18:38  Zergling x6  
  153  18:40  Baneling x2  
  162  18:43  Zergling x6  
Tags
 
Add a new tag
Caveats
  • Supply blocks, unpowered buildings, or Contaminate may cause inaccurate times.
  • Supply counts are checked every 10 seconds.